 Dungeon Crawl Stone Soup version 0.31.0-9-g3a7656b989 (webtiles) character file.

Game seed: 10853880917662692976

109 qw the Skirmisher (level 4, -1/25 HPs)
             Began as a Deep Elf Hunter on Feb 3, 2024.
             Slain by Terence
             ... wielding a +0 trident of protection
              (7 damage)
             ... on level 3 of the Dungeon.
             The game lasted 00:00:29 (1458 turns).

qw the Skirmisher (Deep Elf Hunter)                 Turns: 1458, Time: 00:00:30

Health: -1/25      AC:  5    Str: 10    XL:     4   Next: 59%
Magic:  6/6        EV: 11    Int: 14    God:
Gold:   109        SH:  0    Dex: 18    Spells: 3/3 levels left

rFire   . . .        a - +0 shortbow (freeze)
rCold   . . .        (shield currently unavailable)
rNeg    . . .        d - +0 ring mail
rPois   .            (no helmet)
rElec   .            (no cloak)
rCorr   .            (no gloves)
SInv    .            (no boots)
Will    .....        (no amulet)
Stlth   +            (no ring)
HPRegen 0.24/turn    (no ring)
MPRegen 0.10/turn

%: no passive effects
@: no status effects
A: no striking features
a: no special abilities


You were on level 3 of the Dungeon.
You visited 1 branch of the dungeon, and saw 3 of its levels.

You collected 109 gold pieces.


   Skills:
 - Level 1.5 Fighting
 + Level 8.0 Ranged Weapons
 - Level 2.4 Dodging
 - Level 1.2 Stealth


You had 3 spell levels left.
You didn't know any spells.
Your spell library was empty.

Inventory:

Hand Weapons
 a - a +0 shortbow of freezing (weapon)
Armour
 d - a +0 ring mail (worn)
Potions
 b - a potion of heal wounds {unknown}
 g - a potion of curing {unknown}
 i - a potion of lignification {unknown}

Dungeon Overview and Level Annotations

Branches:
Dungeon (3/15)

Altars:

Shops:
D:1 *

Annotations:
D:3 Terence


Message History

You kill the gnoll!
You shoot an arrow.
The arrow hits the adder but does no damage.
A quokka comes into view.
You shoot an arrow. The arrow barely misses the adder.
A gnoll comes into view. It is wielding a +0 heavy halberd.
You shoot an arrow. The arrow hits the adder.
The adder seems to slow down.
The arrow freezes the adder.
The adder is lightly wounded.
The adder bites you but does no damage.
You shoot an arrow. The arrow barely misses the adder.
The arrow hits the gnoll but does no damage.
The adder is no longer moving slowly.
The adder closely misses you.
You shoot an arrow. The arrow closely misses the adder.
The arrow hits the gnoll.
The arrow freezes the gnoll.
The gnoll is moderately wounded.
The adder bites you but does no damage.
Terence hits you from afar with a +0 trident of protection.
The adder closely misses you.
You shoot an arrow. The arrow hits the adder!
The adder seems to slow down.
The arrow freezes the adder.
You kill the adder!
Terence hits you from afar with a +0 trident of protection.
You shoot an arrow. The arrow hits the gnoll.
The arrow freezes the gnoll.
The gnoll is severely wounded.
The gnoll hits you with a +0 club. Terence closely misses you.
You shoot an arrow. The arrow hits the gnoll.
The arrow freezes the gnoll.
You kill the gnoll!
Terence hits you but does no damage. Terence barely misses you.
Your Ranged Weapons skill increases to level 8!
You shoot an arrow.
The arrow hits Terence but does no damage.
Terence hits you but does no damage.
You shoot an arrow. The arrow closely misses Terence.
Terence hits you but does no damage.
You shoot an arrow.
The arrow hits Terence but does no damage.
Terence hits you from afar with a +0 trident of protection!
You die...
Terence says, "Time to find some more victims."

#... #..# #..# # #..#
.. #..# .. .. ##..# g.
.# # #...# r# .# .#
#.#.###@# .# ###[
#.#..@).# .# ...
#.#####)# .# #.# #.# .#
.# ##.## #.# .#
.###.>.#####.########..
............#........
.#
.###...#####.######## #
## ##........#
##########


You could see Terence, a gnoll and a quokka.

Vanquished Creatures
  5 adders
  3 gnolls (D:3)
  A dart slug (D:1)
  3 endoplasms
  2 giant cockroaches (D:2)
  3 goblins
  2 hobgoblins (D:2)
  5 quokkas
  A ball python (D:1)
  3 bats
  3 kobolds
  3 rats
34 creatures vanquished.

Notes
Turn   | Place    | Note
-------+----------+-------------------------------------------
     0 | D:1      | qw the Deep Elf Hunter began the quest for the Orb.
     0 | D:1      | Reached XP level 1. HP: 12/12 MP: 3/3
     0 | D:1      | 0 ||| qw: Version: 0.3-a-155-g5e7d8dd
     0 | D:1      | 0 ||| qw: Game counter: 3023
     0 | D:1      | 0 ||| qw: Melee chars always use a shield: true
     0 | D:1      | 0 ||| qw: God list: Okawaru
     0 | D:1      | 0 ||| qw: Allow faded altars: false
     0 | D:1      | 0 ||| qw: Do Orc after clearing Dungeon:15 true
     0 | D:1      | 0 ||| qw: Do second Lair branch before Depths: true
     0 | D:1      | 0 ||| qw: Lair rune preference: random
     0 | D:1      | 0 ||| qw: Goals: Normal
     0 | D:1      | 0 ||| PLANNING D:1-11
   146 | D:1      | Found Penebbuth's General Store.
   175 | D:1      | 175 ||| SHOPLISTING +0 cloak (63 gold, have 25).
   175 | D:1      | 175 ||| SHOPLISTING potion of curing (42 gold, have 25).
   175 | D:1      | 175 ||| SHOPLISTING scroll of enchant armour (105 gold,
                  | have 25).
   175 | D:1      | 175 ||| SHOPLISTING scroll of teleportation (42 gold, have
                  | 25).
   204 | D:1      | Reached XP level 2. HP: 16/16 MP: 4/4
   218 | D:1      | Reached skill level 6 in Ranged Weapons
   401 | D:1      | Found a faded altar of an unknown god.
   558 | D:1      | 558 ||| UPGRADING to +0 ring mail.
   568 | D:1      | 568 ||| DROPPING +0 leather armour.
   569 | D:1      | 569 ||| DROPPING scroll of butterflies.
   825 | D:2      | Reached XP level 3. HP: 20/20 MP: 5/5
   854 | D:2      | Reached skill level 7 in Ranged Weapons
  1236 | D:2      | Reached XP level 4. HP: 9/25 MP: 6/6
  1237 | D:2      | HP: 6/25 [poisoned by an adder]
  1238 | D:2      | HP: 1/25 [hobgoblin (3)]
  1357 | D:2      | 1357 ||| READING scroll labelled JEULYA ZODED.
  1357 | D:2      | 1357 ||| BRANDING +0 shortbow.
  1358 | D:2      | 1358 ||| READING scroll labelled SULEELOFUM.
  1358 | D:2      | 1358 ||| IDENTIFYING clear potion
  1359 | D:2      | 1359 ||| READING scroll labelled XOQUHO XETZE.
  1360 | D:2      | 1360 ||| READING scroll labelled YFEIPR OCAE.
  1361 | D:2      | 1361 ||| READING 3 scrolls labelled KAMUN TAETWAEW.
  1362 | D:2      | 1362 ||| DROPPING potion of degeneration.
  1363 | D:2      | 1363 ||| DROPPING 2 scrolls of noise.
  1446 | D:3      | Noticed Terence
  1454 | D:3      | HP: 5/25 [gnoll/+0 club (4)]
  1456 | D:3      | Reached skill level 8 in Ranged Weapons
  1458 | D:3      | Slain by Terence

Levels and vault maps discovered:
D:1:      heliophobic_arrival_enchanted_forest, layout_basic,
          hellmonk_ecumenical_altar_heavens_door, serial_shops,
          nicolae_shop_hallway_stairs
D:2:      layout_loops_ring
D:3:      layout_loops_ring, uniq_jessica, uniq_terence, uniq_grinder, uniq_ijyb

Skill      XL: |  1  2  3  4 |
---------------+-------------+-----
Ranged Weapons | 6 7 8 |  8.0
Fighting       | |  1.5
Dodging        | |  2.4
Stealth        | |  1.2

Action                     |  1- 3 |  4- 6 || total
---------------------------+-------+-------++-------
   Fire: Shortbow          |    92 |    28 ||   120
    Use: Scroll            |       |     5 ||     5
 Armour: Ring mail         |    24 |    16 ||    40
         Leather armour    |     1 |       ||     1
  Dodge: Dodged            |    16 |     8 ||    24

Table legend:
 A = Non-vault XP
 B = Vault XP
 C = Vault XP percentage of total XP
 D = Non-vault monster count
 E = Vault monster count
 F = Vault count percentage of total count
                 A         B        C        D         E       F
            +---------+---------+-------+---------+---------+-------
      Total |     156 |       0 |   0.0 |      34 |       0 |   0.0
            +---------+---------+-------+---------+---------+-------
        D:1 |      20 |       0 |   0.0 |      11 |       0 |   0.0
        D:2 |      81 |       0 |   0.0 |      19 |       0 |   0.0
        D:3 |      55 |       0 |   0.0 |       4 |       0 |   0.0
            +---------+---------+-------+---------+---------+-------
